Map: 2000 Atmospheres LE

Players

ABTcoachAlt

  • Race: Zerg Zerg

&lt;Ash3s&gt;<sp/>Eleven

  • Race: Zerg Zerg

Eleven

  • Race: Protoss Protoss
  • League: Diamond

VOD

Have the link to the VOD?

Description

Time

  • Played on: May 2, 2021, 4:45 a.m.
  • Length: 8:05
Show
View Real Time Build Order
Export as new Build Order

ABTcoachAlt Zerg 

Build Orders: Hatch First 

Get SALT Encoding   

  12  0:00  Drone  
  13  0:12  Overlord  
  13  0:16  Drone  
  14  0:30  Drone x2  
  16  0:47  Hatchery  
  15  0:51  Drone  
  15  0:55  Drone  
  17  0:58  Drone  
  18  1:10  Extractor  
  17  1:13  Spawning Pool  
  17  1:16  Drone  
  17  1:20  Drone  
  18  1:27  Drone  
  19  1:38  Drone  
  20  1:48  Overlord  
  20  2:00  Queen x2  
  20  2:01  Zergling x4  
  26  2:12  Drone x2  
  28  2:16  Metabolic Boost  
  28  2:25  Drone x2  
  30  2:35  Hatchery  
  29  2:42  Queen  
  31  2:49  Drone x2  
  33  2:51  Drone  
  33  2:57  Pneumatized Carapace  
  34  3:01  Drone  
  34  3:04  Overlord  
  35  3:07  Drone  
  36  3:22  Queen  
  36  3:24  Overlord  
  36  3:25  Drone  
  36  3:26  Drone x2  
  41  3:40  Drone x2  
  41  3:41  Drone  
  44  3:44  Lair  
  44  3:51  Drone x3  
  44  3:55  Drone x7  
  54  3:58  Overlord  
  54  4:07  Overlord  
  54  4:09  Zergling x4  
  56  4:18  Zergling x4  
  56  4:20  Zergling x2  
  59  4:24  Zergling x2  
  59  4:30  Zergling x4  
  63  4:38  Zergling x8  
  63  4:42  Queen x3  
  72  4:48  Extractor  
  72  4:49  Zergling x4  
  72  4:50  Zergling x2  
  72  4:51  Overlord x2  
  74  4:54  Hatchery  
  74  4:58  Overlord  
  74  4:59  Zergling x2  
  74  5:12  Zergling x12  
  80  5:19  Extractor  
  79  5:25  Zergling x10  
  84  5:34  Overlord, Queen x3  
  84  5:35  Overlord x2  
  90  5:36  Drone x3  
  90  5:38  Overlord  
  92  6:07  Drone x2  
  92  6:08  Drone x13  
  92  6:10  Extractor x2  
  105  6:14  Evolution Chamber  
  105  6:17  Baneling Nest  
  103  6:19  Evolution Chamber  
  103  6:20  Evolution Chamber  
  103  6:23  Drone x2  
  103  6:24  Drone x2  
  105  6:39  Drone x5  
  112  6:41  Extractor  
  112  6:43  Spire  
  110  6:53  Drone  
  111  6:54  Drone x3  
  111  6:55  Drone x6  
  120  7:20  Overlord  
  120  7:21  Overlord  
  120  7:27  Drone  
  120  7:28  Baneling Nest  
  120  7:34  Drone x15  
  120  7:36  Extractor  
  134  7:47  Zergling x22  
  145  7:52  Drone  
  145  7:54  Infestation Pit  
Show
View Real Time Build Order
Export as new Build Order

&lt;Ash3s&gt;<sp/>Eleven Zerg 

Build Orders:  

Get SALT Encoding   

  12  0:00  Probe  
  13  0:13  Probe  
  14  0:19  Pylon  
  14  0:37  Assimilator  
  14  0:43  Gateway  
  14  0:45  Pylon  
  14  1:13  Assimilator  
  14  1:17  Probe  
  14  1:25  Probe  
  15  1:32  Cybernetics Core  
  16  1:33  Probe  
  17  1:43  Probe  
  18  1:55  Probe  
  18  1:58  Warp Gate  
  19  2:03  Probe  
  20  2:10  Stalker  
  22  5:34  Zealot  
  24  5:36  Probe  
  24  5:37  Pylon  
  24  5:40  Robotics Facility  
  25  5:47  Probe  
  26  5:55  Probe  
  24  6:03  Probe  
  26  6:12  Pylon  
  26  6:13  Probe  
  27  6:21  Probe  
  28  6:26  Zealot  
  28  6:30  Observer  
  31  6:51  Observer  
  32  7:02  Nexus  
  32  7:18  Stalker  
Show
View Real Time Build Order
Export as new Build Order

Eleven Protoss 

Build Orders:  

Get SALT Encoding   

Tags
 
Add a new tag
Caveats
  • Supply blocks, unpowered buildings, or Contaminate may cause inaccurate times.
  • Supply counts are checked every 10 seconds.